PL
VANCOUVER GREY WOLVES @ PORTLAND EVERGREENS
09/03/2033
 
TOP OF THE 1ST
Vancouver Grey Wolves batting - Pitching for Portland Evergreens : LHP George Eisenhauer
Pitching: LHP George Eisenhauer
Batting: RHB Urs van Munster 0-0: Called Strike
0-1: Ball
1-1: Swinging Strike
1-2: Foul Ball, location: 2F
1-2: Foul Ball, location: 2F
1-2: Foul Ball, location: 2F
1-2: Reached on error, E6 (Groundball, 56)
Batting: LHB Preston Witt 0-0: Foul Ball, location: 2F
0-1: Ball
1-1: Ball
2-1: Ground out 5-3 (Groundball, 56)
Batting: RHB José Jarca 0-0: Swinging Strike
0-1: Ball
1-1: Ball
2-1: Called Strike
2-2: Ball
3-2: DOUBLE (Line Drive, 7LM)
Urs van Munster scores
Batting: RHB Hugh Mungus 0-0: Ball
Passed Ball!
José Jarca to third
1-0: Ground out 4-3 (Groundball, 4)
José Jarca scores
Batting: RHB Arlen Joysey 0-0: Fly out, F7 (Flyball, 7S)
Top of the 1st over - 2 runs, 1 hit, 1 error, 0 left on base; Vancouver 2 - Portland 0
BOTTOM OF THE 1ST
Portland Evergreens batting - Pitching for Vancouver Grey Wolves : LHP Andrew Moody
Pitching: LHP Andrew Moody
Batting: RHB Nelson Jaramillo 0-0: Foul Ball, location: 2F
0-1: Ball
1-1: Ball
2-1: Called Strike
2-2: Ball
3-2: Ground out 4-3 (Groundball, 4)
Batting: RHB Mario Castillo 0-0: Ball
1-0: Called Strike
1-1: Called Strike
1-2: Ball
2-2: Foul Ball, location: 2F
2-2: Foul Ball, location: 2F
2-2: Strikes out swinging
Batting: RHB Tae-cho Han 0-0: Ball
1-0: Foul Ball, location: 2F
1-1: Foul Ball, location: 2F
1-2: Ball
2-2: Ball
3-2: Foul Ball, location: 2F
3-2: Base on Balls
Batting: LHB Chris Payling 0-0: Called Strike
0-1: SINGLE (Line Drive, 9S)
Tae-cho Han to second
Batting: RHB Chet Hollis 0-0: Ball
1-0: Ball
2-0: DOUBLE (Line Drive, 7LM)
Tae-cho Han scores
Chris Payling to third
Runner from 3rd tries for Home, SAFE, no throw
Batting: LHB John Ennis 0-0: Ball
1-0: Called Strike
1-1: Swinging Strike
1-2: Foul Ball, location: 2F
1-2: Ball
2-2: Foul Ball, location: 2F
2-2: Ground out 3-1 (Groundball, 34)
Bottom of the 1st over - 2 runs, 2 hits, 0 errors, 1 left on base; Vancouver 2 - Portland 2
TOP OF THE 2ND
Vancouver Grey Wolves batting - Pitching for Portland Evergreens : LHP George Eisenhauer
Batting: RHB Wilson Vega 0-0: Ground out 6-3 (Groundball, 6)
Batting: LHB Michael Malloy 0-0: Called Strike
0-1: Ball
1-1: Ball
2-1: Ground out U3 (Groundball, 3)
Batting: RHB José de la Cavallería 0-0: Called Strike
0-1: Called Strike
0-2: Strikes out swinging
Top of the 2nd over - 0 runs, 0 hits, 0 errors, 0 left on base; Vancouver 2 - Portland 2
BOTTOM OF THE 2ND
Portland Evergreens batting - Pitching for Vancouver Grey Wolves : LHP Andrew Moody
Batting: SHB Billy Dotson 0-0: Ball
1-0: Called Strike
1-1: Ball
2-1: Ball
3-1: Foul Ball, location: 2F
3-2: Ground out 5-3 (Groundball, 5)
Batting: LHB Dewitt Hopper 0-0: Called Strike
0-1: Ball
1-1: Swinging Strike
1-2: Strikes out swinging
Batting: SHB Willie McGirt 0-0: Called Strike
0-1: Ball
1-1: Swinging Strike
1-2: Strikes out swinging
Bottom of the 2nd over - 0 runs, 0 hits, 0 errors, 0 left on base; Vancouver 2 - Portland 2
TOP OF THE 3RD
Vancouver Grey Wolves batting - Pitching for Portland Evergreens : LHP George Eisenhauer
Batting: RHB Sixto Estrada 0-0: Ground out 4-3 (Groundball, 4)
Batting: RHB Urs van Munster 0-0: Ball
1-0: DOUBLE (Line Drive, 89D)
Batting: LHB Preston Witt 0-0: Called Strike
0-1: Ball
Urs van Munster steals 3rd base
1-1: Foul Ball, location: 2F
1-2: Ball
2-2: Ball
3-2: SINGLE (Groundball, 3D)
Urs van Munster scores
Batting: RHB José Jarca 0-0: Ball
1-0: Swinging Strike
1-1: Swinging Strike
1-2: Ball
2-2: Ball
3-2: Grounds into double play, 6-4-3 (Groundball, 6)
Top of the 3rd over - 1 run, 2 hits, 0 errors, 0 left on base; Vancouver 3 - Portland 2
BOTTOM OF THE 3RD
Portland Evergreens batting - Pitching for Vancouver Grey Wolves : LHP Andrew Moody
Batting: RHB Nelson Jaramillo 0-0: Ball
1-0: Swinging Strike
1-1: SINGLE (Groundball, 6D)
Batting: RHB Mario Castillo 0-0: Ball
1-0: Called Strike
1-1: Foul Ball, location: 2F
1-2: Foul Ball, location: 2F
1-2: Ball
2-2: Strikes out swinging
Batting: RHB Tae-cho Han 0-0: Swinging Strike
Nelson Jaramillo steals 2nd base
0-1: Ball
1-1: Swinging Strike
1-2: Fly out, F9 (Flyball, 9S)
Batting: LHB Chris Payling 0-0: Ball
1-0: Ball
2-0: SINGLE (Line Drive, 78M)
Nelson Jaramillo to third
Runner from 3rd tries for Home, SAFE, no throw
Batting: RHB Chet Hollis 0-0: Called Strike
0-1: Foul Ball, location: 2F
0-2: Ball
1-2: Strikes out swinging
Bottom of the 3rd over - 1 run, 2 hits, 0 errors, 1 left on base; Vancouver 3 - Portland 3
TOP OF THE 4TH
Vancouver Grey Wolves batting - Pitching for Portland Evergreens : LHP George Eisenhauer
Batting: RHB Hugh Mungus 0-0: Ball
1-0: Ball
2-0: Ball
3-0: Called Strike
3-1: Foul Ball, location: 2F
3-2: SINGLE (Line Drive, 56D)
Batting: RHB Arlen Joysey 0-0: Swinging Strike
0-1: Called Strike
0-2: Strikes out swinging
Batting: RHB Wilson Vega 0-0: Ball
1-0: Ball
2-0: Foul Ball, location: 2F
2-1: Swinging Strike
2-2: Foul Ball, location: 2F
2-2: Fielders Choice at 2nd, 1-4 (Groundball, 15)
Batting: LHB Michael Malloy 0-0: Ball
1-0: Ball
Wilson Vega is caught stealing 2nd base
Top of the 4th over - 0 runs, 1 hit, 0 errors, 0 left on base; Vancouver 3 - Portland 3
BOTTOM OF THE 4TH
Portland Evergreens batting - Pitching for Vancouver Grey Wolves : LHP Andrew Moody
Batting: LHB John Ennis 0-0: Ball
1-0: Swinging Strike
1-1: Ball
2-1: Foul Ball, location: 2F
2-2: Foul Ball, location: 2F
2-2: Ground out U3 (Groundball, 34)
Batting: SHB Billy Dotson 0-0: Ball
1-0: Ground out 1-3 (Groundball, 13)
Batting: LHB Dewitt Hopper 0-0: Ball
1-0: Ball
2-0: Ball
3-0: Foul Ball, location: 2F
3-1: Foul Ball, location: 2F
3-2: Ground out 4-3 (Groundball, 4)
Bottom of the 4th over - 0 runs, 0 hits, 0 errors, 0 left on base; Vancouver 3 - Portland 3
TOP OF THE 5TH
Vancouver Grey Wolves batting - Pitching for Portland Evergreens : LHP George Eisenhauer
Batting: LHB Michael Malloy 0-0: Called Strike
0-1: Ball
1-1: Ball
2-1: Called Strike
2-2: Strikes out swinging
Batting: RHB José de la Cavallería 0-0: Ball
1-0: Called Strike
1-1: Ground out 6-3 (Groundball, 6)
Batting: RHB Sixto Estrada 0-0: Swinging Strike
0-1: Ball
1-1: Ball
2-1: Ball
3-1: SINGLE (Groundball, 3S) (infield hit)
Batting: RHB Urs van Munster 0-0: Ball
1-0: Ball
2-0: SINGLE (Groundball, 5) (infield hit)
Sixto Estrada to second
Batting: LHB Preston Witt 0-0: SINGLE (Groundball, 56S) (infield hit)
Sixto Estrada to third
Urs van Munster to second
Batting: RHB José Jarca 0-0: Called Strike
0-1: Foul Ball, location: 2F
0-2: Ball
1-2: Ball
2-2: Strikes out looking
Top of the 5th over - 0 runs, 3 hits, 0 errors, 3 left on base; Vancouver 3 - Portland 3
BOTTOM OF THE 5TH
Portland Evergreens batting - Pitching for Vancouver Grey Wolves : LHP Andrew Moody
Batting: SHB Willie McGirt 0-0: Ball
1-0: Foul Ball, location: 2F
1-1: Swinging Strike
1-2: Ball
2-2: Ball
3-2: Strikes out swinging
Batting: RHB Nelson Jaramillo 0-0: Ball
1-0: Fly out, F8 (Flyball, 8LXD)
Batting: RHB Mario Castillo 0-0: Foul Ball, location: 2F
0-1: Foul Ball, location: 2F
0-2: Ball
1-2: Foul Ball, location: 2F
1-2: Strikes out swinging
Bottom of the 5th over - 0 runs, 0 hits, 0 errors, 0 left on base; Vancouver 3 - Portland 3
TOP OF THE 6TH
Vancouver Grey Wolves batting - Pitching for Portland Evergreens : LHP George Eisenhauer
Batting: RHB Hugh Mungus 0-0: Ball
1-0: Ball
2-0: Called Strike
2-1: Ball
3-1: Called Strike
3-2: SINGLE (Line Drive, 7S)
Batting: RHB Arlen Joysey 0-0: Swinging Strike
0-1: Swinging Strike
0-2: Strikes out looking
Batting: RHB Wilson Vega 0-0: Ball
1-0: Foul Ball, location: 2F
1-1: Foul Ball, location: 2F
1-2: Strikes out swinging
Batting: LHB Michael Malloy 0-0: Foul Ball, location: 2F
0-1: Foul Ball, location: 2F
0-2: Ball
1-2: Ground out 4-3 (Groundball, 4)
Top of the 6th over - 0 runs, 1 hit, 0 errors, 1 left on base; Vancouver 3 - Portland 3
BOTTOM OF THE 6TH
Portland Evergreens batting - Pitching for Vancouver Grey Wolves : LHP Andrew Moody
Batting: RHB Tae-cho Han 0-0: Ball
1-0: Fly out, F7 (Flyball, 78S)
Batting: LHB Chris Payling 0-0: Swinging Strike
0-1: Fly out, F9 (Line Drive, 89M)
Batting: RHB Chet Hollis 0-0: Called Strike
0-1: Ball
1-1: Ground out U3 (Groundball, 3)
Bottom of the 6th over - 0 runs, 0 hits, 0 errors, 0 left on base; Vancouver 3 - Portland 3
TOP OF THE 7TH
Vancouver Grey Wolves batting - Pitching for Portland Evergreens : LHP George Eisenhauer
Batting: RHB José de la Cavallería 0-0: Ground out 6-3 (Groundball, 6S)
Pitching: RHP Júlio Rodríguez
Batting: RHB Sixto Estrada 0-0: Ball
1-0: Called Strike
1-1: Ball
2-1: Ball
3-1: Ground out 4-3 (Groundball, 4)
Batting: RHB Urs van Munster 0-0: Ball
1-0: Ball
2-0: Ball
3-0: Swinging Strike
3-1: Ground out 6-3 (Groundball, 6)
Top of the 7th over - 0 runs, 0 hits, 0 errors, 0 left on base; Vancouver 3 - Portland 3
BOTTOM OF THE 7TH
Portland Evergreens batting - Pitching for Vancouver Grey Wolves : LHP Andrew Moody
Batting: LHB John Ennis 0-0: Called Strike
0-1: Ball
1-1: Called Strike
1-2: Ball
2-2: Ball
3-2: Ground out 4-3 (Groundball, 4)
Batting: SHB Billy Dotson 0-0: Called Strike
0-1: Ground out 3-1 (Groundball, 23)
Batting: LHB Dewitt Hopper 0-0: Ball
1-0: Called Strike
1-1: Foul Ball, location: 2F
1-2: Strikes out looking
Bottom of the 7th over - 0 runs, 0 hits, 0 errors, 0 left on base; Vancouver 3 - Portland 3
TOP OF THE 8TH
Vancouver Grey Wolves batting - Pitching for Portland Evergreens : RHP Júlio Rodríguez
Batting: LHB Preston Witt 0-0: Foul Ball, location: 2F
0-1: Called Strike
0-2: Foul Ball, location: 2F
0-2: Hit by Pitch
Pinch Runner at 1st Michael Ward:
Batting: RHB José Jarca 0-0: Ball
1-0: Ball
2-0: Called Strike
2-1: Ball
3-1: SINGLE (Flyball, 9LM)
Michael Ward to second
Runner from 2nd tries for 3rd, SAFE, throw made to third
Batting: RHB Hugh Mungus 0-0: Fly out, F8 (Flyball, 8LS)
Runner from 3rd tags up, SCORES, no throw
Batting: RHB Arlen Joysey 0-0: Foul Ball, location: 2F
0-1: Ball
José Jarca steals 2nd base
1-1: Called Strike
1-2: Foul Ball, location: 2F
1-2: Ball
2-2: Ball
3-2: Strikes out swinging
Batting: RHB Wilson Vega 0-0: Ball
1-0: Ball
2-0: Called Strike
2-1: Called Strike
2-2: Foul Ball, location: 2F
2-2: Strikes out swinging
Top of the 8th over - 1 run, 1 hit, 0 errors, 1 left on base; Vancouver 4 - Portland 3
BOTTOM OF THE 8TH
Portland Evergreens batting - Pitching for Vancouver Grey Wolves : LHP Andrew Moody
Pitching: LHP Ramón Costello
Batting: SHB Willie McGirt 0-0: Called Strike
0-1: Called Strike
0-2: Ball
1-2: Foul Ball, location: 2F
1-2: Ball
2-2: Strikes out looking
Batting: RHB Nelson Jaramillo 0-0: Foul Ball, location: 2F
0-1: Ball
1-1: Ball
2-1: Ball
3-1: Base on Balls
Batting: RHB Mario Castillo 0-0: Ball
1-0: Called Strike
1-1: Ball
2-1: Foul Ball, location: 2F
2-2: Strikes out looking
Batting: RHB Tae-cho Han 0-0: Swinging Strike
0-1: Ball
1-1: Ball
2-1: Called Strike
2-2: Strikes out swinging
Bottom of the 8th over - 0 runs, 0 hits, 0 errors, 1 left on base; Vancouver 4 - Portland 3
TOP OF THE 9TH
Vancouver Grey Wolves batting - Pitching for Portland Evergreens : RHP Júlio Rodríguez
Batting: LHB Michael Malloy 0-0: Called Strike
0-1: Foul Ball, location: 2F
0-2: Strikes out swinging
Batting: RHB José de la Cavallería 0-0: Called Strike
0-1: Swinging Strike
0-2: Foul Ball, location: 2F
0-2: Ball
1-2: Ball
2-2: Strikes out swinging
Batting: RHB Sixto Estrada 0-0: Fly out, F8 (Flyball, 8RS)
Top of the 9th over - 0 runs, 0 hits, 0 errors, 0 left on base; Vancouver 4 - Portland 3
BOTTOM OF THE 9TH
Portland Evergreens batting - Pitching for Vancouver Grey Wolves : LHP Ramón Costello
Batting: LHB Chris Payling 0-0: Fly out, F7 (Line Drive, 7D)
Batting: RHB Chet Hollis 0-0: Ball
1-0: Called Strike
1-1: DOUBLE (Line Drive, 89XD)
Batting: LHB John Ennis 0-0: Ball
1-0: Foul Ball, location: 2F
1-1: Foul Ball, location: 2F
1-2: Foul Ball, location: 2F
1-2: Ball
2-2: Ground out 5-3 (Groundball, 56S)
Chet Hollis to third
Batting: SHB Billy Dotson 0-0: Ball
1-0: Ball
2-0: SINGLE (Groundball, 6MD)
Chet Hollis scores
Batting: LHB Dewitt Hopper 0-0: Called Strike
0-1: Swinging Strike
0-2: Fly out, F9 (Flyball, 9LS)
Bottom of the 9th over - 1 run, 2 hits, 0 errors, 1 left on base; Vancouver 4 - Portland 4
TOP OF THE 10TH
Vancouver Grey Wolves batting - Pitching for Portland Evergreens : RHP Júlio Rodríguez
Pitching: RHP Roberto Calderón
Batting: RHB Urs van Munster 0-0: Fly out, F3 (Line Drive, 4)
Batting: LHB Michael Ward 0-0: Ball
1-0: Ground out 4-3 (Groundball, 4)
Batting: RHB José Jarca 0-0: Swinging Strike
0-1: Ball
1-1: SINGLE (Groundball, 56D)
Batting: RHB Hugh Mungus 0-0: Called Strike
0-1: Foul Ball, location: 2F
0-2: Foul Ball, location: 2F
0-2: Foul Ball, location: 2F
0-2: Foul Ball, location: 2F
0-2: Strikes out swinging
Top of the 10th over - 0 runs, 1 hit, 0 errors, 1 left on base; Vancouver 4 - Portland 4
BOTTOM OF THE 10TH
Portland Evergreens batting - Pitching for Vancouver Grey Wolves : LHP Ramón Costello
Pitching: RHP Francisco Valdés
Batting: SHB Willie McGirt 0-0: Ball
1-0: Ball
2-0: Fly out, F9 (Flyball, 9S)
Pinch Hitting: LHB Adrián Gómez 0-0: DOUBLE (Flyball, 78XD)
Batting: RHB Mario Castillo 0-0: Ball
1-0: Fly out, F6 (Line Drive, 6)
Batting: RHB Tae-cho Han 0-0: Ball
1-0: Foul Ball, location: 2F
1-1: SINGLE (Groundball, 6D)
Adrián Gómez to third
Runner from 3rd tries for Home, SAFE, no throw
Saturday, December 22nd, 2018 - OOTP Baseball 18.8 Build 76